Map: Port Aleksander LE

Players

Cham

  • Race: Zerg Zerg
  • Spawn Location: 11:00

goblin - Winner!

  • Race: Protoss Protoss
  • Spawn Location: 5:00

Event: 2019 WCS Spring

VOD

Have the link to the VOD?

Description

Time

  • Played on: May 17, 2019, 12:05 p.m.
  • Length: 10:34

All games in this series

Show
View Real Time Build Order
Export as new Build Order

Cham Zerg 

Build Orders: Hatch First 

Get SALT Encoding   

  12  0:00  Drone  
  13  0:08  Drone  
  14  0:17  Overlord  
  14  0:35  Drone  
  14  0:36  Drone  
  16  0:48  Hatchery  
  15  0:53  Drone  
  15  0:56  Drone  
  17  1:00  Drone  
  18  1:12  Extractor  
  18  1:15  Spawning Pool  
  16  1:18  Drone  
  16  1:23  Drone  
  18  1:33  Drone  
  19  1:44  Drone  
  20  1:56  Drone  
  22  2:09  Hatchery, Overlord  
  22  2:12  Extractor, Queen  
  23  2:28  Hatchery, Zergling x4  
  24  2:36  Overlord  
  24  2:46  Roach Warren  
  22  2:52  Drone  
  22  2:55  Metabolic Boost  
  23  3:01  Drone  
  25  3:08  Overlord  
  25  3:23  Drone x5  
  30  3:32  Drone  
  30  3:33  Queen  
  33  3:39  Queen  
  35  3:48  Zergling x2  
  35  3:49  Drone  
  35  3:50  Drone  
  35  3:53  Spore Crawler  
  37  3:58  Drone x2  
  39  4:03  Drone  
  39  4:04  Drone  
  39  4:09  Drone x2  
  43  4:11  Overlord  
  43  4:18  Queen  
  43  4:20  Drone  
  43  4:22  Overlord  
  46  4:24  Drone  
  46  4:28  Drone x2  
  49  4:33  Roach Warren  
  49  4:34  Drone  
  49  4:35  Drone  
  50  4:39  Overlord  
  50  4:41  Drone  
  50  4:45  Extractor  
  50  4:46  Extractor  
  50  4:48  Overlord  
  50  4:49  Drone x2  
  51  4:53  Overlord  
  51  4:59  Spore Crawler  
  50  5:01  Drone x4  
  50  5:04  Overlord  
  56  5:14  Roach x4  
  56  5:17  Roach  
  56  5:20  Roach  
  66  5:23  Roach  
  66  5:25  Drone x2  
  70  5:29  Drone x2  
  70  5:30  Drone  
  70  5:33  Drone  
  74  5:37  Queen  
  74  5:40  Drone  
  74  5:41  Drone x2  
  79  5:49  Drone x2  
  81  5:54  Queen x2  
  85  5:59  Drone x2  
  85  6:01  Drone x2  
  89  6:05  Spore Crawler  
  89  6:09  Spore Crawler  
  89  6:11  Overlord x2  
  87  6:18  Spore Crawler  
  86  6:20  Spore Crawler  
  86  6:23  Overlord x2  
  84  6:29  Queen  
  84  6:30  Overlord  
  86  6:33  Queen  
  86  6:34  Queen  
  86  6:35  Zergling x2  
  86  6:36  Zergling x2  
  90  6:45  Spore Crawler  
  90  6:47  Zergling x6  
  90  6:49  Spore Crawler  
  90  6:51  Zergling x2  
  90  6:52  Zergling x4  
  90  6:53  Zergling x6  
  96  7:00  Overlord  
  96  7:06  Spore Crawler, Zergling x6  
  100  7:08  Zergling x2  
  100  7:09  Queen  
  100  7:13  Overlord  
  98  7:19  Overlord  
  98  7:24  Queen x2  
  98  7:28  Overlord x2  
  98  7:29  Overlord, Drone x2  
  98  7:30  Drone x2  
  98  7:33  Drone  
  98  7:37  Drone  
  101  7:40  Drone  
  101  7:41  Drone  
  101  7:44  Extractor  
  101  7:45  Evolution Chamber  
  101  7:50  Drone x2  
  93  7:53  Drone  
  93  7:57  Spore Crawler, Lair  
  89  7:59  Extractor, Queen  
  89  8:03  Extractor  
  87  8:08  Spore Crawler  
  87  8:09  Spore Crawler  
  87  8:10  Spore Crawler, Zerg Missile Weapons Level 1  
  84  8:16  Drone x4  
  84  8:19  Overlord x2  
  87  8:24  Zergling x8  
  84  8:33  Drone x2  
  84  8:34  Drone x8  
  80  8:41  Hatchery  
  80  8:48  Drone  
  80  8:52  Zergling x6  
  83  9:01  Drone  
  83  9:02  Queen x2, Hydralisk Den  
  85  9:04  Zergling x8  
  85  9:05  Zergling x4  
  91  9:13  Zergling x2  
  91  9:14  Zergling x4  
  94  9:22  Drone  
  94  9:25  Zergling x4  
  94  9:26  Overlord  
  95  9:31  Hydralisk  
  95  9:32  Hydralisk x2  
  95  9:34  Hydralisk x2  
  105  9:40  Overlord x4  
  103  9:49  Hydralisk x4  
  106  9:56  Drone  
  106  9:59  Hydralisk x2, Baneling Nest  
  104  10:02  Hydralisk  
  104  10:03  Hydralisk  
  106  10:08  Hydralisk  
  106  10:09  Hydralisk  
Show
View Real Time Build Order
Export as new Build Order

goblin Protoss - Winner!

Build Orders:  

Get SALT Encoding   

  12  0:00  Probe  
  13  0:12  Probe  
  14  0:20  Pylon  
  14  0:24  Probe  
  15  0:34  Probe  
  15  0:40  Gateway  
  15  0:42  Probe  
  16  0:47  Assimilator  
  17  0:52  Probe  
  18  1:04  Probe  
  19  1:13  Forge  
  19  1:16  Probe  
  20  1:29  Pylon  
  20  1:34  Pylon  
  20  1:37  Pylon  
  20  1:47  Photon Cannon  
  20  1:51  Photon Cannon  
  20  1:56  Cybernetics Core  
  20  2:15  Nexus  
  20  2:19  Probe  
  21  2:24  Stalker  
  21  2:25  Assimilator  
  21  2:27  Probe, Pylon  
  21  2:35  Probe  
  25  2:46  Probe  
  25  2:51  Stargate  
  26  2:58  Probe  
  26  3:03  Warp Gate  
  27  3:09  Probe  
  28  3:15  Adept  
  28  3:17  Probe  
  30  3:23  Probe  
  30  3:25  Probe  
  31  3:31  Probe  
  33  3:35  Void Ray  
  33  3:37  Probe  
  39  3:41  Probe  
  40  3:49  Probe  
  40  3:50  Assimilator  
  40  3:51  Assimilator  
  40  3:54  Probe  
  42  4:02  Probe  
  43  4:05  Probe  
  44  4:13  Probe  
  44  4:14  Probe  
  44  4:15  Stargate  
  45  4:18  Pylon  
  46  4:26  Void Ray  
  46  4:34  Pylon  
  46  4:36  Probe x2  
  52  4:46  Pylon  
  52  4:49  Probe  
  53  4:56  Probe  
  53  4:57  Phoenix, Protoss Air Weapons Level 1  
  56  5:01  Probe  
  56  5:02  Pylon  
  57  5:09  Phoenix  
  59  5:14  Phoenix  
  59  5:17  Probe x2  
  59  5:19  Pylon  
  63  5:29  Probe  
  63  5:34  Phoenix  
  66  5:37  Phoenix, Zealot  
  70  5:53  Phoenix  
  70  5:59  Phoenix  
  70  6:01  Stargate  
  74  6:12  Probe x2  
  74  6:14  Nexus  
  74  6:17  Pylon  
  74  6:18  Phoenix  
  76  6:22  Phoenix  
  76  6:24  Probe x2  
  82  6:39  Phoenix  
  82  6:40  Probe x2  
  82  6:43  Phoenix, Pylon x2  
  82  6:45  Phoenix  
  88  6:51  Zealot  
  88  6:52  Probe x2  
  94  6:54  Shield Battery  
  94  7:04  Probe x2  
  100  7:13  Void Ray x2  
  100  7:16  Sentry, Probe  
  100  7:17  Probe  
  92  7:42  Gateway  
  92  7:47  Sentry  
  92  7:49  Gateway  
  98  7:54  Pylon  
  98  7:57  Shield Battery  
  98  8:00  Phoenix  
  98  8:03  Phoenix  
  98  8:07  Twilight Council  
  98  8:11  Gateway  
  98  8:13  Gateway  
  98  8:15  Robotics Facility  
  98  8:16  Nexus  
  98  8:18  Pylon, Gateway  
  98  8:23  Pylon  
  98  8:24  Nexus  
  94  8:32  Phoenix  
  91  8:34  Charge  
  91  8:42  Probe x2  
  91  8:46  Templar Archives  
  93  8:50  Gateway  
  93  8:51  Gateway  
  93  8:54  Probe x2  
  95  9:08  Warp Prism  
  97  9:10  Zealot  
  97  9:11  Zealot  
  97  9:13  Probe  
  97  9:14  Probe  
  102  9:23  Zealot x2  
  104  9:26  Probe x2  
  105  9:34  Gateway  
  105  9:35  Warp Prism  
  105  9:43  Zealot x3  
  105  9:44  Zealot, Gateway  
  114  10:07  High Templar x2  
  114  10:08  High Templar x4  
  114  10:10  Pylon x2  
  114  10:12  Archon x2  
  114  10:13  Archon  
  126  10:27  Zealot  
  126  10:33  Zealot  
Tags
 
Add a new tag
Caveats
  • Supply blocks, unpowered buildings, or Contaminate may cause inaccurate times.
  • Supply counts are checked every 10 seconds.